MWL (24 & UNDER)
CINCINNATI PRIDE @ BARRY'S BAY ORIOLES
08/02/2029
 
TOP OF THE 1ST
Cincinnati Pride batting - Pitching for Barry's Bay Orioles : LHP Bill Martin
Pitching: LHP Bill Martin
Batting: LHB Will O'Dell 0-0: Ball
1-0: Called Strike
1-1: Foul Ball, location: 2F
1-2: Fly out, F9 (Flyball, 9LS)
Batting: RHB Francisco Domínguez 0-0: Called Strike
0-1: DOUBLE (Line Drive, 78D)
Batting: LHB John Clark 0-0: Called Strike
0-1: Foul Ball, location: 2F
0-2: Ball
1-2: Fly out, F9 (Flyball, 9LD)
Runner from 2nd tags up, SAFE at 3rd, no throw
Batting: RHB Jesús Solís 0-0: Ball
1-0: Fly out, F7 (Flyball, 78D)
Top of the 1st over - 0 runs, 1 hit, 0 errors, 1 left on base; Cincinnati 0 - Barry's Bay 0
BOTTOM OF THE 1ST
Barry's Bay Orioles batting - Pitching for Cincinnati Pride : RHP Ben Larsen
Pitching: RHP Ben Larsen
Batting: LHB Ryan Rheaume 0-0: Ball
1-0: Foul Ball, location: 2F
1-1: Ball
2-1: Swinging Strike
2-2: Ground out 6-3 (Groundball, 56)
Batting: LHB Lúcio Gómez 0-0: Ball
1-0: Ball
2-0: Ball
3-0: Called Strike
3-1: Fly out, F8 (Line Drive, 8RM)
Batting: RHB Jim Martin 0-0: Ball
1-0: Called Strike
1-1: Ball
2-1: Ball
3-1: Base on Balls
Batting: LHB Greg Sharpe 0-0: Ball
1-0: Swinging Strike
1-1: SINGLE (Groundball, 6D)
Jim Martin to second
Batting: RHB River Cunningham 0-0: Ball
1-0: Ball
2-0: Called Strike
2-1: Foul Ball, location: 2F
2-2: Ball
3-2: Foul Ball, location: 2F
3-2: Base on Balls
Jim Martin to third
Greg Sharpe to second
Batting: RHB Lynn Johnson 0-0: Ball
1-0: Ball
2-0: DOUBLE (Line Drive, 9LM)
Jim Martin scores
Greg Sharpe scores
River Cunningham to third
Batting: SHB Terry Christian 0-0: Called Strike
0-1: Ball
1-1: Hit by Pitch
Batting: RHB Manny Gutiérrez 0-0: Foul Ball, location: 2F
0-1: Ball
1-1: SINGLE (Groundball, 6MD)
River Cunningham scores
Lynn Johnson to third
Terry Christian to second
Runner from 3rd tries for Home, SAFE, no throw
Batting: RHB Octávio Aldeguer 0-0: Foul Ball, location: 2F
0-1: Foul Ball, location: 2F
0-2: Ball
1-2: Strikes out looking
Bottom of the 1st over - 4 runs, 3 hits, 0 errors, 2 left on base; Cincinnati 0 - Barry's Bay 4
TOP OF THE 2ND
Cincinnati Pride batting - Pitching for Barry's Bay Orioles : LHP Bill Martin
Batting: LHB Carl Hayden 0-0: Swinging Strike
0-1: Ball
1-1: Ball
2-1: Swinging Strike
2-2: Strikes out swinging
Batting: RHB Noah Sturges 0-0: Ball
1-0: Called Strike
1-1: Called Strike
1-2: Ball
2-2: Strikes out swinging
Batting: LHB Pablo Garza 0-0: Called Strike
0-1: Ball
1-1: Ball
2-1: Foul Ball, location: 2F
2-2: Strikes out swinging
Top of the 2nd over - 0 runs, 0 hits, 0 errors, 0 left on base; Cincinnati 0 - Barry's Bay 4
BOTTOM OF THE 2ND
Barry's Bay Orioles batting - Pitching for Cincinnati Pride : RHP Ben Larsen
Batting: LHB Ryan Rheaume 0-0: Foul Ball, location: 2F
0-1: Ball
1-1: Swinging Strike
1-2: Strikes out swinging
Batting: LHB Lúcio Gómez 0-0: Ball
1-0: Ball
2-0: Ball
3-0: Foul Ball, location: 2F
3-1: Base on Balls
Batting: RHB Jim Martin 0-0: Called Strike
0-1: Ball
1-1: Ball
2-1: Foul Ball, location: 2F
2-2: Ball
3-2: 2-RUN HOME RUN (Flyball, 7LD), Distance : 320 ft
Batting: LHB Greg Sharpe 0-0: Swinging Strike
0-1: Ball
1-1: Ball
2-1: Ground out 4-3 (Groundball, 4M)
Batting: RHB River Cunningham 0-0: Ball
1-0: SINGLE (Groundball, 6D)
Batting: RHB Lynn Johnson 0-0: Ball
1-0: Swinging Strike
1-1: Ball
2-1: Ball
3-1: Foul Ball, location: 2F
3-2: Foul Ball, location: 2F
3-2: Base on Balls
River Cunningham to second
Batting: SHB Terry Christian 0-0: Fly out, F1 (Popup, 15)
Bottom of the 2nd over - 2 runs, 2 hits, 0 errors, 2 left on base; Cincinnati 0 - Barry's Bay 6
TOP OF THE 3RD
Cincinnati Pride batting - Pitching for Barry's Bay Orioles : LHP Bill Martin
Batting: LHB Rubén Eirado 0-0: Ball
1-0: Fly out, F8 (Flyball, 89D)
Batting: RHB Dudley Helms 0-0: Called Strike
0-1: Called Strike
0-2: Strikes out swinging
Batting: LHB Will O'Dell 0-0: Ball
1-0: Ground out 4-3 (Groundball, 4)
Top of the 3rd over - 0 runs, 0 hits, 0 errors, 0 left on base; Cincinnati 0 - Barry's Bay 6
BOTTOM OF THE 3RD
Barry's Bay Orioles batting - Pitching for Cincinnati Pride : RHP Ben Larsen
Batting: RHB Manny Gutiérrez 0-0: Ball
1-0: Ground out 5-3 (Groundball, 56S)
Batting: RHB Octávio Aldeguer 0-0: Called Strike
0-1: Ball
1-1: Fly out, F7 (Flyball, 78D)
Batting: LHB Ryan Rheaume 0-0: Called Strike
0-1: Foul Ball, location: 2F
0-2: Ball
1-2: Foul Ball, location: 2F
1-2: Foul Ball, location: 2F
1-2: Ground out 5-3 (Groundball, 56)
Bottom of the 3rd over - 0 runs, 0 hits, 0 errors, 0 left on base; Cincinnati 0 - Barry's Bay 6
TOP OF THE 4TH
Cincinnati Pride batting - Pitching for Barry's Bay Orioles : LHP Bill Martin
Batting: RHB Francisco Domínguez 0-0: Called Strike
0-1: Ball
1-1: Foul Ball, location: 2F
1-2: Foul Ball, location: 2F
1-2: Strikes out swinging
Batting: LHB John Clark 0-0: SINGLE (Line Drive, 8RS)
Batting: RHB Jesús Solís 0-0: Ball
1-0: Called Strike
1-1: Ball
2-1: Foul Ball, location: 2F
2-2: Ball
3-2: Fly out, F6 (Popup, 6MD)
Batting: LHB Carl Hayden 0-0: Called Strike
0-1: Ball
1-1: Swinging Strike
1-2: Ball
2-2: Ball
3-2: Fly out, F7 (Flyball, 78D)
Top of the 4th over - 0 runs, 1 hit, 0 errors, 1 left on base; Cincinnati 0 - Barry's Bay 6
BOTTOM OF THE 4TH
Barry's Bay Orioles batting - Pitching for Cincinnati Pride : RHP Ben Larsen
Batting: LHB Lúcio Gómez 0-0: Ball
1-0: Called Strike
1-1: Called Strike
1-2: Ball
2-2: Strikes out looking
Batting: RHB Jim Martin 0-0: Ball
1-0: Ball
2-0: Foul Ball, location: 2F
2-1: Ball
3-1: DOUBLE (Line Drive, 9LD)
Batting: LHB Greg Sharpe 0-0: Called Strike
0-1: Fly out, F7 (Flyball, 7D)
Batting: RHB River Cunningham 0-0: Called Strike
0-1: Foul Ball, location: 2F
0-2: Ball
1-2: Ball
2-2: Ball
3-2: Strikes out swinging
Bottom of the 4th over - 0 runs, 1 hit, 0 errors, 1 left on base; Cincinnati 0 - Barry's Bay 6
TOP OF THE 5TH
Cincinnati Pride batting - Pitching for Barry's Bay Orioles : LHP Bill Martin
Batting: RHB Noah Sturges 0-0: Called Strike
0-1: Foul Ball, location: 2F
0-2: Ball
1-2: Ball
2-2: Foul Ball, location: 2F
2-2: Ball
3-2: Base on Balls
Batting: LHB Pablo Garza 0-0: Ball
1-0: Called Strike
1-1: Ball
2-1: Foul Ball, location: 2F
2-2: Strikes out swinging
Noah Sturges steals 2nd base
Batter strikes out.
Batting: LHB Rubén Eirado 0-0: Ball
1-0: Swinging Strike
1-1: Ball
2-1: Fly out, F8 (Flyball, 8LD)
Batting: RHB Dudley Helms 0-0: Ball
1-0: Called Strike
1-1: Called Strike
1-2: SINGLE (Groundball, 4MD)
Noah Sturges to third
Runner from 3rd tries for Home, SAFE, throw made home
Dudley Helms to second
Batting: LHB Will O'Dell 0-0: Ball
1-0: SINGLE (Flyball, 7LM)
Dudley Helms to third
Runner from 3rd tries for Home, SAFE, no throw
Batting: RHB Francisco Domínguez 0-0: Ball
1-0: Foul Ball, location: 2F
1-1: Ball
2-1: Foul Ball, location: 2F
2-2: Ball
3-2: Foul Ball, location: 2F
3-2: Foul Ball, location: 2F
3-2: Base on Balls
Will O'Dell to second
Batting: LHB John Clark 0-0: Ball
1-0: Fly out, F9 (Flyball, 9)
Top of the 5th over - 2 runs, 2 hits, 0 errors, 2 left on base; Cincinnati 2 - Barry's Bay 6
BOTTOM OF THE 5TH
Barry's Bay Orioles batting - Pitching for Cincinnati Pride : RHP Ben Larsen
Batting: RHB Lynn Johnson 0-0: Foul Ball, location: 2F
0-1: Foul Ball, location: 2F
0-2: Ground out 5-3 (Groundball, 56)
Batting: SHB Terry Christian 0-0: Ball
1-0: Called Strike
1-1: Called Strike
1-2: Ball
2-2: Fly out, F8 (Flyball, 8LD)
Batting: RHB Manny Gutiérrez 0-0: Ball
1-0: Fly out, F6 (Line Drive, 6M)
Bottom of the 5th over - 0 runs, 0 hits, 0 errors, 0 left on base; Cincinnati 2 - Barry's Bay 6
TOP OF THE 6TH
Cincinnati Pride batting - Pitching for Barry's Bay Orioles : LHP Bill Martin
Batting: RHB Jesús Solís 0-0: Called Strike
0-1: DOUBLE (Flyball, 8RD)
Pitching: RHP Luis Miguel Laqui
Batting: LHB Carl Hayden 0-0: Ground out U3 (Groundball, 3)
Jesús Solís to third
Batting: RHB Noah Sturges 0-0: Called Strike
0-1: Foul Ball, location: 2F
0-2: Ball
1-2: Ball
2-2: Ball
3-2: Strikes out swinging
Batting: LHB Pablo Garza 0-0: Called Strike
0-1: Ball
1-1: Ball
2-1: Foul Ball, location: 2F
2-2: Strikes out looking
Top of the 6th over - 0 runs, 1 hit, 0 errors, 1 left on base; Cincinnati 2 - Barry's Bay 6
BOTTOM OF THE 6TH
Barry's Bay Orioles batting - Pitching for Cincinnati Pride : RHP Ben Larsen
Batting: RHB Octávio Aldeguer 0-0: Ball
1-0: Ball
2-0: Ball
3-0: Base on Balls
Batting: LHB Ryan Rheaume 0-0: Called Strike
0-1: Swinging Strike
0-2: Ball
1-2: Grounds into double play, 6-4-3 (Groundball, 56)
Batting: LHB Lúcio Gómez 0-0: Ball
1-0: Called Strike
1-1: Fly out, F3 (Line Drive, 3)
Bottom of the 6th over - 0 runs, 0 hits, 0 errors, 0 left on base; Cincinnati 2 - Barry's Bay 6
TOP OF THE 7TH
Cincinnati Pride batting - Pitching for Barry's Bay Orioles : RHP Luis Miguel Laqui
Batting: LHB Rubén Eirado 0-0: Reached on error, E3 (Groundball, 34)
Batting: RHB Dudley Helms 0-0: Swinging Strike
0-1: Swinging Strike
0-2: Strikes out swinging
Batting: LHB Will O'Dell 0-0: Called Strike
0-1: Ball
1-1: Foul Ball, location: 2F
1-2: Foul Ball, location: 2F
1-2: Ball
2-2: Foul Ball, location: 2F
2-2: Ball
3-2: Base on Balls
Rubén Eirado to second
Batting: RHB Francisco Domínguez 0-0: Ball
1-0: Ball
2-0: Ball
3-0: Called Strike
3-1: SINGLE (Flyball, 7S)
Rubén Eirado to third
Will O'Dell to second
Runner from 3rd tries for Home, SAFE, no throw
Pitching: LHP Bernardo Valero
Batting: LHB John Clark 0-0: Called Strike
0-1: Swinging Strike
0-2: Strikes out swinging
Pitching: RHP Jorge Martínez
Batting: RHB Jesús Solís 0-0: Ball
1-0: Swinging Strike
1-1: Swinging Strike
1-2: Strikes out looking
Top of the 7th over - 1 run, 1 hit, 1 error, 2 left on base; Cincinnati 3 - Barry's Bay 6
BOTTOM OF THE 7TH
Barry's Bay Orioles batting - Pitching for Cincinnati Pride : RHP Ben Larsen
Pitching: RHP Harry Cuevas
Batting: RHB Jim Martin 0-0: Swinging Strike
0-1: Ball
1-1: Ball
2-1: Swinging Strike
2-2: Ball
3-2: Foul Ball, location: 2F
3-2: Base on Balls
Pitching: LHP Ángel Árias
Batting: LHB Greg Sharpe 0-0: Called Strike
0-1: Swinging Strike
0-2: Foul Ball, location: 2F
0-2: SINGLE (Groundball, 6) (infield hit)
Jim Martin to second
Pitching: LHP Elmer Ramírez
Batting: RHB River Cunningham 0-0: Foul Ball, location: 2F
0-1: Swinging Strike
0-2: Foul Ball, location: 2F
0-2: Ball
1-2: Strikes out swinging
Batting: RHB Lynn Johnson 0-0: Ball
1-0: Ball
2-0: Ball
Wild Pitch!
Jim Martin to third
Greg Sharpe to second
3-0: Base on Balls
Batting: SHB Terry Christian 0-0: Ball
1-0: Grounds into fielders choice 4-2 (Groundball, 4)
Greg Sharpe to third
Lynn Johnson to second
Batting: RHB Manny Gutiérrez 0-0: Called Strike
0-1: Called Strike
0-2: Fielders Choice at 2nd, U6 (Groundball, 6M)
Bottom of the 7th over - 0 runs, 1 hit, 0 errors, 3 left on base; Cincinnati 3 - Barry's Bay 6
TOP OF THE 8TH
Cincinnati Pride batting - Pitching for Barry's Bay Orioles : RHP Jorge Martínez
Batting: LHB Carl Hayden 0-0: Foul Ball, location: 2F
0-1: Foul Ball, location: 2F
0-2: Ball
1-2: Ball
2-2: Strikes out swinging
Batting: RHB Noah Sturges 0-0: Called Strike
0-1: DOUBLE (Line Drive, 78D)
Batting: LHB Pablo Garza 0-0: Reached on error, E5 (Groundball, 5)
Noah Sturges to third
Batting: LHB Rubén Eirado 0-0: Called Strike
0-1: Ball
1-1: Ball
2-1: Called Strike
2-2: Strikes out looking
Batting: RHB Dudley Helms 0-0: Ball
1-0: Foul Ball, location: 2F
1-1: Foul Ball, location: 2F
1-2: Ball
2-2: Strikes out swinging
Top of the 8th over - 0 runs, 1 hit, 1 error, 2 left on base; Cincinnati 3 - Barry's Bay 6
BOTTOM OF THE 8TH
Barry's Bay Orioles batting - Pitching for Cincinnati Pride : LHP Elmer Ramírez
Batting: RHB Octávio Aldeguer 0-0: Ball
1-0: Ball
2-0: Foul Ball, location: 2F
2-1: Ball
3-1: Called Strike
3-2: Base on Balls
Batting: LHB Ryan Rheaume 0-0: Bunt missed!
0-1: Ball
1-1: Ball
2-1: Sac Bunt - play at first, batter OUT! 1-4
Octávio Aldeguer to second
Batting: LHB Lúcio Gómez 0-0: Ball
1-0: Foul Ball, location: 2F
1-1: Ball
2-1: Ball
Octávio Aldeguer steals 3rd base
3-1: Foul Ball, location: 2F
3-2: Foul Ball, location: 2F
3-2: Ground out 6-3 (Groundball, 6)
Batting: RHB Jim Martin 0-0: Called Strike
0-1: Foul Ball, location: 2F
0-2: Ball
1-2: Ball
2-2: Fly out, F9 (Flyball, 9LD)
Bottom of the 8th over - 0 runs, 0 hits, 0 errors, 1 left on base; Cincinnati 3 - Barry's Bay 6
TOP OF THE 9TH
Cincinnati Pride batting - Pitching for Barry's Bay Orioles : RHP Jorge Martínez
Pitching: RHP Félix González
Batting: LHB Will O'Dell 0-0: Foul Ball, location: 2F
0-1: Swinging Strike
0-2: Ball
1-2: Ball
2-2: SINGLE (Flyball, 89S)
Batting: RHB Francisco Domínguez 0-0: Ball
1-0: Swinging Strike
1-1: Ball
2-1: Foul Ball, location: 2F
2-2: Strikes out swinging
Batting: LHB John Clark 0-0: Called Strike
0-1: Ball
1-1: Ball
2-1: Fly out, F7 (Flyball, 7S)
Batting: RHB Jesús Solís 0-0: Called Strike
0-1: Ball
1-1: 2-RUN HOME RUN (Flyball, 7LD), Distance : 311 ft
Batting: LHB Carl Hayden 0-0: Called Strike
0-1: Ball
1-1: SINGLE (Line Drive, 56D)
Pinch Runner at 1st José Casillán:
Pinch Hitting: RHB Álex Hernández 0-0: Ball
1-0: Ball
2-0: Swinging Strike
2-1: Ball
3-1: SINGLE (Groundball, 4MD)
José Casillán to second
Runner from 2nd tries for 3rd, OUT!
Top of the 9th over - 2 runs, 4 hits, 0 errors, 1 left on base; Cincinnati 5 - Barry's Bay 6
Saturday, December 16th, 2017 - OOTP Baseball 18.8 Build 76